 Dungeon Crawl Stone Soup version 0.20-a0-553-g9f38e11 (console) character file.

1014 nht the Grappler (level 8, -5/59 HPs)
             Began as a Black Draconian Transmuter on Feb 3, 2017.
             Slain by Menkaure (18 damage)
             ... on level 7 of the Dungeon.
             The game lasted 00:13:07 (4862 turns).

nht the Grappler (Black Draconian Transmuter)       Turns: 4862, Time: 00:13:07

Health: -5/59      AC:  6    Str: 15    XL:     8   Next: 1%
Magic:  11/11      EV: 12    Int: 17    God:    Xom [....*.]
Gold:   199        SH:  0    Dex: 11    Spells: 2/11 levels left

rFire    . . .     SeeInvis .     - Unarmed
rCold    . . .     Gourm    .   (armour unavailable)
rNeg     . . .     Faith    .   (no shield)
rPois    .         Spirit   .   (helmet restricted)
rElec    +         Reflect  .   (no cloak)
rCorr    .         Harm     .   (no gloves)
MR       .....     Rnd*Tele +   (no boots)
Stlth    +.........             (no amulet)
Regen    0.2/turn               (no ring)
                                (no ring)

@: mighty
A: breathe lightning, unfitting armour, stinger 1, electricity resistance,
teleportitis 1, weak 1, cold-blooded, AC +6
a: Breathe Lightning, Renounce Religion


You were on level 7 of the Dungeon.
You worshipped Xom.
You were a beloved toy of Xom.
You were not hungry.

You visited 2 branches of the dungeon, and saw 8 of its levels.

You collected 199 gold pieces.

Inventory:

Missiles
 a - 42 arrows
Armour
 k - a +1 hat
Jewellery
 j - a +2 amulet of reflection {unknown}
Scrolls
 h - 2 scrolls of immolation
 i - a scroll of amnesia
Books
 b - a book of Changes

   Spells                             Type                      Level
   a - Beastly Appendage              Transmutation                1
   b - Sticks to Snakes               Transmutation                2
   c - Spider Form                    Transmutation/Poison         3
   d - Ice Form                       Ice/Transmutation            4
   e - Blade Hands                    Transmutation                5
Comestibles
 c - 3 bread rations
 d - 20 chunks of flesh
 f - a meat ration
 g - 5 fruits


   Skills:
 - Level 1.1 Fighting
 - Level 1.7 Dodging
 + Level 8.4 Unarmed Combat
 - Level 2.0 Spellcasting
 + Level 5.2 Transmutations


You had 2 spell levels left.
You knew the following spells:

 Your Spells              Type           Power        Failure   Level  Hunger
a - Ice Form              Ice/Tmut       ##......     71%         4    #####..
b - Sticks to Snakes      Tmut           ###.....     3%          2    ###....
c - Spider Form           Tmut/Pois      ##........   21%         3    ###....


Dungeon Overview and Level Annotations

Branches:
Dungeon (7/15)             Temple (1/1) D:6

Altars:
Ashenzari
Cheibriados
Dithmenos
Elyvilon
Fedhas
Hepliaklqana
Kikubaaqudgha
Makhleb
Nemelex Xobeh
Okawaru
Qazlal
Ru
Trog
Uskayaw
Vehumet
Xom
Yredelemnul
Zin
The Shining One

Annotations:
D:4 nikopol's ghost, novice GrBe
D:5 Grinder; Pikel
D:7 Menkaure


Innate Abilities, Weirdness & Mutations

You can breathe wild blasts of lightning.
Your glossy black scales are hard. (AC +6)
You cannot fit into any form of body armour.
You are resistant to electric shocks. (rElec)
You are cold-blooded and may be slowed by cold attacks.
Your tail ends in a poisonous barb.
You are occasionally teleported next to monsters.
You are weak. (Str -2)


Message History

a short sword; an orc corpse You butcher the orc corpse.
d - 12 chunks of flesh (gained 3)
You see here a short sword.
Your transformation has ended.
You butcher the orc corpse.
d - 16 chunks of flesh (gained 4)
You butcher the ogre corpse.
d - 20 chunks of flesh (gained 4)
You see here a giant spiked club. x2
Menkaure, Prince of Dust comes into view.
Menkaure shouts!
Menkaure mumbles some strange words.
Menkaure seems to speed up.
It was a potion of might.
You feel mightier all of a sudden.
You punch Menkaure!
Menkaure is heavily damaged.
Menkaure hits you!!
You die...

█....)........█
█......█.............█
█......█.............█
█......█.............█
█......█.............█
█......█......██....██
█......██.....██....██..
█.....M██..>..██........
█......@................
█......(............██..
█............)......█ ██
█...................█
█...................█
█...................█
█.............██...(█
█......██.....███████ +█
█......██.....██....██..


You could see Menkaure and a friendly mace.

Vanquished Creatures
  A hippogriff (D:7)
  A water moccasin (D:6)
  An orc warrior (D:7)
  An ice beast (D:7)
  2 ogres
  2 orc priests
  An iguana (D:4)
  2 orc wizards
  4 worker ants
  4 gnolls (D:7)
  6 adders
  A shadow imp (D:7)
  3 worms
  A dart slug (D:1)
  3 leopard geckos
  6 orcs
  11 bats
  10 giant cockroaches
  8 goblins
  7 hobgoblins
  2 quokkas
  A ball python (D:4)
  5 frilled lizards
  6 kobolds (D:1)
  13 rats
102 creatures vanquished.

Vanquished Creatures (collateral kills)
  An orc priest (D:7)
  A worm (D:1)
  3 orcs
5 creatures vanquished.

Grand Total: 107 creatures vanquished

Notes
Turn   | Place    | Note
-------+----------+-------------------------------------------
     0 | D:1      | nht the Draconian Transmuter began the quest for the Orb.
     0 | D:1      | Reached XP level 1. HP: 16/16 MP: 3/3
   106 | D:1      | Reached XP level 2. HP: 20/23 MP: 3/5
   178 | D:1      | Reached skill level 4 in Unarmed Combat
   191 | D:1      | HP: 1/23 [hobgoblin (2)]
   228 | D:2      | Learned a level 2 spell: Sticks to Snakes
   516 | D:2      | Reached XP level 3. HP: 28/28 MP: 6/6
   558 | D:2      | Found a hide-covered altar of Uskayaw.
  1382 | D:2      | Reached XP level 4. HP: 31/35 MP: 7/7
  1545 | D:2      | Reached skill level 5 in Unarmed Combat
  2737 | D:4      | Noticed nikopol's ghost (novice GrBe)
  2739 | D:4      | Gained mutation: Your tail ends in a poisonous barb. [potion of mutation]
  2739 | D:4      | Gained mutation: You are occasionally teleported next to monsters. [potion of mutation]
  2739 | D:4      | Gained mutation: You are weak. (Str -2) [potion of mutation]
  2760 | D:4      | Reached XP level 5. HP: 29/40 MP: 8/8
  2780 | D:4      | HP: 2/40 [nikopol's ghost (8)]
  2837 | D:5      | Entered Level 5 of the Dungeon
  2841 | D:5      | Noticed Grinder
  2845 | D:5      | Noticed Pikel
  2845 | D:5      | Noticed a slave
  2993 | D:4      | Reached skill level 6 in Unarmed Combat
  3038 | D:4      | HP: 2/40 [iguana (9)]
  3333 | D:3      | Learned a level 3 spell: Spider Form
  3929 | D:5      | Noticed an ogre
  3948 | D:5      | Killed an ogre
  3948 | D:5      | Reached XP level 6. HP: 9/47 MP: 0/9
  4271 | D:6      | Found a staircase to the Ecumenical Temple.
  4274 | D:6      | Noticed a water moccasin
  4312 | D:6      | Learned a level 4 spell: Ice Form
  4326 | D:6      | Killed a water moccasin
  4326 | D:6      | Reached skill level 7 in Unarmed Combat
  4333 | Temple   | Entered the Ecumenical Temple
  4439 | Temple   | Became a worshipper of Xom of Chaos
  4525 | D:6      | Noticed an orc warrior
  4529 | D:6      | XOM: potion effect (magic)
  4678 | D:7      | Your scales start taking on a glossy black colour.
  4678 | D:7      | Reached XP level 7. HP: 27/52 MP: 6/10
  4678 | D:7      | Gained mutation: You are resistant to electric shocks. (rElec) [Black Draconian growth]
  4795 | D:7      | Noticed a hippogriff
  4795 | D:7      | XOM: potion effect (might)
  4799 | D:7      | XOM: silly message
  4801 | D:7      | Killed a hippogriff
  4801 | D:7      | Reached skill level 8 in Unarmed Combat
  4813 | D:7      | XOM: polymorph quasit -> shadow imp
  4833 | D:7      | Reached skill level 5 in Transmutations
  4833 | D:7      | Reached XP level 8. HP: 7/59 MP: 7/11
  4858 | D:7      | Noticed Menkaure
  4862 | D:7      | Slain by Menkaure

Vault maps used:
D:1:      lightli_arrival_statuegarden
D:2:      lemuel_crystal_altar, first_bread, kennysheep_generic_room_12
D:4:      minmay_diamond_boxcup, minmay_bisected
D:5:      portal_sewer_entry_d, minmay_misc_feat_diagonals, uniq_pikel,
          uniq_duvessa, uniq_grinder, uniq_edmund
D:6:      minmay_temple_entry_large_hall
D:7:      uniq_menkaure
Temple:   compressed_dpeg_circular_temple

Skill      XL: |  1  2  3  4  5  6  7 |
---------------+----------------------+-----
Unarmed Combat | 4 5 6 7 8 |  8.4
Transmutations | 3 5 |  5.2
Fighting       | |  1.1
Dodging        | |  1.7
Spellcasting   | |  2.0

Action                   |  1- 3 |  4- 6 |  7- 9 || total
-------------------------+-------+-------+-------++-------
Melee: Unarmed           |   146 |   244 |    23 ||   413
       Tailslap          |    14 |    15 |     1 ||    30
       Headbutt          |     5 |     2 |       ||     7
       Punch             |     2 |     5 |       ||     7
       Kick              |     1 |     5 |       ||     6
 Cast: Beastly Appendage |     6 |    12 |       ||    18
       Sticks to Snakes  |     1 |    16 |       ||    17
       Spider Form       |       |     4 |     2 ||     6
       Ice Form          |       |     1 |     1 ||     2
  Use: Potion            |     3 |     6 |     2 ||    11
       Scroll            |       |     8 |       ||     8
 Stab: Sleeping          |     1 |       |       ||     1
  Eat: Chunk             |     2 |    11 |     1 ||    14
       Fruit             |       |     2 |       ||     2
Armor: Skin              |    52 |    66 |     2 ||   120
Dodge: Dodged            |    99 |   130 |     7 ||   236
